 Dungeon Sprint DCSS version 0.23-a0-175-g97aacdb306 (webtiles) character file.

2433 ICC the Rapturous (level 9, -2/35 HPs)
             Began as a Felid Artificer on Sept 17, 2018.
             Was a Follower of Uskayaw.
             Slain by a komodo dragon (10 damage)
             ... in the Dungeon (Sprint IX: "|||||||||||||||||||||||||||||").
             The game lasted 00:07:11 (1287 turns).

ICC the Rapturous (Felid Artificer)                 Turns: 1287, Time: 00:07:12

Health: -2/35      AC:  6    Str:  8    XL:     9   Next: 24%
Magic:  24/24      EV:  4    Int: 13    God:    Uskayaw [*.....]
Gold:   9          SH:  0    Dex: 20    Spells: 8/8 levels left
                                        Lives:  0   Deaths: 3

rFire    . . .     SeeInvis +     - Unarmed
rCold    . . .     Gourm    .   (shield unavailable)
rNeg     + + +     Faith    .   (armour unavailable)
rPois    ∞         Spirit   .   (helmet unavailable)
rElec    .         Reflect  .   (cloak unavailable)
rCorr    .         Harm     .   (gloves unavailable)
MR       +....     NoTele   +   (boots unavailable)
Stlth    +++++.....             (no amulet)
HPRegen  0.11/turn              p - +2 ring of protection
MPRegen  0.19/turn              q - +2 ring of protection

@: petrified, quick
A: very small, no armour, no weapons or thrown items, stealth, claws 1, fangs 3,
see invisible, carnivore, speed 1, shaggy fur 2, slow metabolism 1, sharp paws
a: Stomp, Renounce Religion


You were in the Dungeon.
You worshipped Uskayaw.
Uskayaw was greatly pleased with you.
You were not hungry.

You visited 1 branch You collected 9 gold pieces.

Inventory:

Jewellery
 p - a +2 ring of protection (left paw)
 q - a +2 ring of protection (right paw)
 v - an uncursed ring of protection from magic
 w - an uncursed ring of protection from cold
 x - an uncursed ring of protection from magic
 y - an uncursed ring of protection from cold
Wands
 a - a wand of flame (12)
 b - a wand of enslavement (12)
 c - a wand of random effects (14)
 o - a wand of acid (10)
Scrolls
 j - 5 scrolls of blinking
 m - 3 scrolls of remove curse
 n - 2 scrolls of amnesia
 r - a scroll of identify
 u - 2 scrolls of fear
Potions
 e - 5 potions of curing
 f - 2 potions of heal wounds
 g - 3 potions of haste
 h - 4 potions of magic
 i - 2 potions of berserk rage
 k - a potion of resistance
 l - a potion of invisibility
 s - a potion of agility
 t - a potion of brilliance
Comestibles
 d - 2 rations


   Skills:
 - Level 1.0 Fighting
 - Level 10.4 Dodging
 - Level 10.9 Stealth
 - Level 10.0 Unarmed Combat
 * Level 20.0 Invocations
 - Level 3.2 Evocations


You had 8 spell levels left.
You didn't know any spells.
Your spell library was empty.

Dungeon Overview and Level Annotations

Branches:
Dungeon (1/1)

Altars:
Cheibriados
Dithmenos
Elyvilon
Fedhas
Gozag
Hepliaklqana
Kikubaaqudgha
Makhleb
Nemelex Xobeh
Okawaru
Qazlal
Ru
Sif Muna
Trog
Uskayaw
Vehumet
Wu Jian
Xom
Yredelemnul
Zin
The Shining One
Beogh
Jiyva
Lugonu

Shops:
D *?


Innate Abilities, Weirdness & Mutations

You cannot wear armour.
You are incapable of wielding weapons or throwing items.
Your paws allow you to move quietly. (Stealth)
You have sharp claws.
You have razor-sharp teeth.
You have supernaturally acute eyesight. (SInv)
You are carnivorous and can eat meat at any time.
You cover ground quickly.
You are covered in thick fur. (AC +2)
You have a slow metabolism.
Your sharp claws are effective at attacking unaware monsters.


Message History

an uncursed longbow; 22 arrows
Things that are here:
a shortbow; 17 arrows
There is an open door here.
There is an open door here.
The basilisk is too close now for your liking.
The basilisk hisses angrily.
The basilisk gazes at you.
You are slowing down.
The komodo dragon hisses angrily.
Your limbs are stiffening.
You scratch the basilisk.
The basilisk is lightly wounded.
The basilisk closely misses you.
You have turned to stone.
The komodo dragon bites you!! x2
The basilisk hisses menacingly.
The komodo dragon bites you!
* * * LOW HITPOINT WARNING * * *
The komodo dragon bites you!!
You die...

▓▓▓▓▓▓▓▓▓▓▓▓▓▓▓▓▓▓▓▓▓▓▓▓▓▓▓▓▓▓▓▓▓
________________'.....'....)÷...<
▓▓▓▓▓▓▓▓▓▓▓▓▓▓▓▓▓▓▓▓▓▓▓▓▓▓▓▓▓▓▓▓▓
.................................
▓▓▓▓▓▓▓▓▓▓▓▓▓▓▓▓▓▓▓▓▓▓▓▓▓▓▓▓▓▓▓▓.
†'....÷††÷÷'.rll@........'.......
▓▓▓▓▓▓▓▓▓▓▓▓▓▓▓▓▓▓▓▓▓▓▓▓▓▓▓▓▓▓▓▓▓
▓▓▓▓▓▓▓▓▓▓▓▓▓▓▓▓▓▓▓▓▓▓▓▓▓▓▓▓▓▓▓▓▓
.................................
▓▓▓▓▓▓▓▓▓▓▓▓▓▓▓▓▓▓▓▓▓▓▓▓▓▓▓▓▓▓▓▓.
.[[[[[[[[.)))))))).....'.........


You could see a komodo dragon, a basilisk and a porcupine.

Vanquished Creatures
  2 hydras (D)
  2 centaur warriors (D)
  6 orc knights (D)
  A spiny frog (D)
  A shadow (D)
  A wyvern (D)
  A basilisk (D)
  A steam dragon (D)
  A soldier ant (D)
  3 water moccasins (D)
  A porcupine (D)
  A black bear (D)
  A sky beast (D)
  An ogre (D)
  3 bullfrogs (D)
  A scorpion (D)
  A crimson imp (D)
  A worker ant (D)
  2 adders (D)
  A shadow imp (D)
  A dart slug (D)
  An orc (D)
  A goblin (D)
  A hobgoblin (D)
  A jackal (D)
  A bat (D)
38 creatures vanquished.

Vanquished Creatures (others)
  A troll (D)
  A howler monkey (D)
2 creatures vanquished.

Grand Total: 40 creatures vanquished

Notes
Turn   | Place    | Note
-------+----------+-------------------------------------------
     0 | D        | ICC the Felid Artificer began the quest for the Orb.
     0 | D        | Reached XP level 1. HP: 9/9 MP: 4/4
    32 | D        | Noticed a sky beast
    32 | D        | Noticed a crimson imp
    32 | D        | Noticed a howler monkey
    32 | D        | Noticed a worker ant
    44 | D        | Killed a worker ant
    44 | D        | Reached XP level 2. HP: 12/12 MP: 5/5
    44 | D        | Reached XP level 3. HP: 15/15 MP: 6/6
    68 | D        | Killed a sky beast
    68 | D        | Reached XP level 4. HP: 19/19 MP: 7/7
   116 | D        | Found a roughly hewn altar of Beogh.
   116 | D        | Found a snail-covered altar of Cheibriados.
   116 | D        | Found a shadowy altar of Dithmenos.
   116 | D        | Found a white marble altar of Elyvilon.
   116 | D        | Found a blossoming altar of Fedhas.
   116 | D        | Found an opulent altar of Gozag.
   117 | D        | Found a hazy altar of Hepliaklqana.
   118 | D        | Found a viscous altar of Jiyva.
   119 | D        | Found an ancient bone altar of Kikubaaqudgha.
   120 | D        | Found a corrupted altar of Lugonu.
   121 | D        | Found a burning altar of Makhleb.
   122 | D        | Found a sparkling altar of Nemelex Xobeh.
   123 | D        | Found an iron altar of Okawaru.
   124 | D        | Found a stormy altar of Qazlal.
   125 | D        | Found a sacrificial altar of Ru.
   126 | D        | Found a deep blue altar of Sif Muna.
   127 | D        | Found a bloodstained altar of Trog.
   128 | D        | Found a hide-covered altar of Uskayaw.
   129 | D        | Found a radiant altar of Vehumet.
   130 | D        | Found an ornate altar of the Wu Jian Council.
   131 | D        | Found a shimmering altar of Xom.
   132 | D        | Found a basalt altar of Yredelemnul.
   133 | D        | Found a glowing silver altar of Zin.
   134 | D        | Found a glowing golden altar of the Shining One.
   138 | D        | Became a worshipper of Uskayaw the Reveler
   163 | D        | Noticed an ogre
   163 | D        | Noticed a water moccasin
   178 | D        | Reached skill level 10 in Unarmed Combat
   178 | D        | Reached XP level 5. HP: 22/22 MP: 8/8
   178 | D        | Reached * piety under Uskayaw
   182 | D        | Reached skill level 1 in Invocations
   182 | D        | Reached ** piety under Uskayaw
   187 | D        | Reached *** piety under Uskayaw
   188 | D        | Reached skill level 3 in Invocations
   194 | D        | Reached **** piety under Uskayaw
   199 | D        | Killed an ogre
   199 | D        | Reached skill level 5 in Dodging
   199 | D        | Reached skill level 5 in Stealth
   199 | D        | Reached skill level 5 in Invocations
   199 | D        | Gained mutation: You are covered in thick fur. (AC +2)
                  | [Felid growth]
   199 | D        | Reached XP level 6. HP: 21/25 MP: 4/11
   200 | D        | Reached ***** piety under Uskayaw
   202 | D        | Killed a water moccasin
   202 | D        | Reached skill level 6 in Invocations
   204 | D        | Reached skill level 7 in Invocations
   441 | D        | Noticed a shadow
   441 | D        | Noticed a soldier ant
   441 | D        | Noticed a centaur warrior
   441 | D        | Noticed a centaur warrior
   441 | D        | Noticed a troll
   455 | D        | Slain by a centaur warrior
   456 | D        | Reached XP level 5. HP: -2/22 MP: 11/11
   483 | D        | Killed a shadow
   483 | D        | Reached skill level 8 in Invocations
   483 | D        | Reached XP level 6. HP: 21/25 MP: 11/13
   484 | D        | Killed a soldier ant
   488 | D        | Reached skill level 9 in Invocations
   488 | D        | Reached XP level 7. HP: 12/28 MP: 7/15
   491 | D        | Killed a centaur warrior
   491 | D        | Reached skill level 10 in Dodging
   491 | D        | Reached skill level 10 in Stealth
   491 | D        | Reached skill level 10 in Invocations
   491 | D        | Reached XP level 8. HP: 2/32 MP: 4/17
   493 | D        | Killed a centaur warrior
   493 | D        | Reached skill level 13 in Invocations
   899 | D        | Noticed a spiny frog
   899 | D        | Noticed a four-headed hydra
   908 | D        | Killed a four-headed hydra
   908 | D        | Reached skill level 15 in Invocations
   908 | D        | Reached XP level 9. HP: 35/35 MP: 18/21
   910 | D        | Killed a spiny frog
   913 | D        | Reached skill level 16 in Invocations
  1002 | D        | Noticed a komodo dragon
  1002 | D        | Noticed a seven-headed hydra
  1005 | D        | Killed a seven-headed hydra
  1005 | D        | Reached skill level 17 in Invocations
  1005 | D        | Reached XP level 10. HP: 22/39 MP: 23/23
  1010 | D        | Noticed a spiny frog
  1012 | D        | Slain by a komodo dragon
  1013 | D        | Reached XP level 9. HP: -4/35 MP: 22/22
  1013 | D        | Found the -2 hat of the Alchemist {rElec rPois rF+ rC+ rN+
                  | MR+ rMut rCorr}
  1013 | D        | Found the +5 robe of Night {Dark MR+ SInv}
  1147 | D        | Found Ziqic's General Store.
  1147 | D        | Noticed an orc knight
  1147 | D        | Noticed an orc knight
  1147 | D        | Noticed an orc knight
  1147 | D        | Noticed an orc knight
  1147 | D        | Noticed an orc knight
  1148 | D        | Noticed an orc knight
  1149 | D        | Killed an orc knight
  1149 | D        | Reached skill level 18 in Invocations
  1152 | D        | Noticed an orc knight
  1158 | D        | Killed an orc knight
  1159 | D        | Found Dija's Magic Scroll Boutique.
  1159 | D        | Noticed an orc knight
  1161 | D        | Killed an orc knight
  1161 | D        | Reached skill level 19 in Invocations
  1165 | D        | Killed an orc knight
  1165 | D        | Reached XP level 10. HP: 11/39 MP: 24/24
  1168 | D        | Killed an orc knight
  1170 | D        | Killed an orc knight
  1170 | D        | Reached skill level 20 in Invocations
  1173 | D        | Demolished by an orc knight
  1174 | D        | Reached XP level 9. HP: -19/52 MP: 24/24
  1287 | D        | Slain by a komodo dragon

Vault maps used:
D:        linesprint

Skill      XL: |  1  2  3  4  5  6  7  8  9 10 |
---------------+-------------------------------+-----
Unarmed Combat | 6 9 10 | 10.0
Dodging        | 5 9 10 | 10.4
Stealth        | 8 9 10 | 10.9
Invocations    | 8 9 10 15 19 20 | 20.0
Fighting       | |  1.0
Evocations     | |  3.2

Action                   |  1- 3 |  4- 6 |  7- 9 | 10-12 || total
-------------------------+-------+-------+-------+-------++-------
Melee: Unarmed           |    17 |    63 |    30 |    12 ||   122
       Bite              |     1 |     6 |     2 |       ||     9
       Punch             |       |     3 |     2 |     1 ||     6
Invok: Line Pass         |       |     2 |     1 |       ||     3
Evoke: Wand              |     4 |     3 |       |       ||     7
  Use: Potion            |       |     2 |     2 |       ||     4
 Stab: Paralysed         |       |     2 |     4 |     2 ||     8
       Sleeping          |       |       |     4 |       ||     4
       Confused          |       |       |     1 |       ||     1
  Eat: Chunk             |       |     7 |     2 |       ||     9
Armor: Skin              |       |     4 |     6 |     1 ||    11
Dodge: Dodged            |    11 |    38 |    17 |     3 ||    69

Table legend:
 A = Non-vault XP
 B = Vault XP
 C = Vault XP percentage of total XP
 D = Non-vault monster count
 E = Vault monster count
 F = Vault count percentage of total count
                 A         B        C        D         E       F
            +---------+---------+-------+---------+---------+-------
      Total |       0 |   10098 | 100.0 |       0 |      38 | 100.0
            +---------+---------+-------+---------+---------+-------
          D |       0 |   10098 | 100.0 |       0 |      38 | 100.0
            +---------+---------+-------+---------+---------+-------
